 Dungeon Crawl Stone Soup version 0.21.1-1-g345015f (webtiles) character file.

583 daodarkstar the Skirmisher (level 7, -3/55 HPs)
             Began as a Demonspawn Fighter on Apr 3, 2018.
             Killed by divine providence
             ... invoked by an orc priest
              (15 damage)
             ... on level 4 of the Dungeon.
             The game lasted 00:02:30 (2288 turns).

daodarkstar the Skirmisher (Demonspawn Fighter)     Turns: 2288, Time: 00:02:30

Health: -3/55      AC:  7    Str: 22    XL:     7   Next: 14%
Magic:  7/7        EV:  9    Int:  9    God:
Gold:   144        SH: 17    Dex: 14    Spells: 6/6 levels left

rFire    . . .     SeeInvis .   a - +0 war axe
rCold    . . .     Gourm    .   c - +0 shield
rNeg     . . .     Faith    +   b - +0 scale mail
rPois    .         Spirit   .   (no helmet)
rElec    .         Reflect  .   (no cloak)
rCorr    .         Harm     .   (no gloves)
MR       .....                  (no boots)
Stlth    ..........             o - amulet of faith
HPRegen  0.18/turn              (no ring)
MPRegen  0.10/turn              (no ring)

@: mighty
A: large bone plates 3, spiny 1
a: no special abilities


You were on level 4 of the Dungeon.
You were hungry.

You visited 1 branch of the dungeon, and saw 4 of its levels.

You collected 144 gold pieces.

Inventory:

Hand Weapons
 a - a +0 war axe (weapon)
Armour
 b - a +0 scale mail (worn)
 c - a +0 shield (worn)
Jewellery
 o - an amulet of faith (around neck)
 p - an uncursed ring of magical power {unknown}
Scrolls
 e - 7 scrolls of teleportation {unknown}
 g - 3 scrolls of amnesia {unknown}
 k - 2 scrolls of enchant weapon {unknown}
 l - 3 scrolls of remove curse {unknown}
 n - a scroll of noise {unknown}
 q - 2 scrolls of magic mapping {unknown}
 u - 2 scrolls of blinking {unknown}
Potions
 d - a potion of might
 h - a potion of degeneration {unknown}
 i - a potion of agility {unknown}
 j - 2 potions of haste {unknown}
 m - 6 potions of curing {unknown}
 r - a potion of cancellation {unknown}
 s - a potion of ambrosia {unknown}
 t - a potion of heal wounds {unknown}
 v - 2 potions of flight {unknown}
Books
 w - a book of Maledictions

   Spells                             Type                      Level
   a - Corona                         Hexes                        1
   b - Ensorcelled Hibernation        Hexes/Ice                    2
   c - Confuse                        Hexes                        3
   d - Tukima's Dance                 Hexes                        3
   e - Dazzling Spray                 Conjuration/Hexes            3
Comestibles
 f - 11 rations


   Skills:
 + Level 4.8 Fighting
 + Level 3.8 Axes
 + Level 4.4 Armour
 + Level 3.2 Dodging
 - Level 2.6 Shields


You had 6 spell levels left.
You didn't know any spells.

Dungeon Overview and Level Annotations

Branches:
Dungeon (4/15)
 Temple: D:4-7

Altars:
Kikubaaqudgha
Uskayaw
Xom


Innate Abilities, Weirdness & Mutations

You are completely covered in large bone plates. (SH +8)
You are partially covered in sharp spines.


Message History

a scimitar; a plate armour You closely miss the orc priest.
The orc priest is moderately wounded.
You closely miss the orc. You block the orc priest's attack.
The orc barely misses you.
Unknown command.
Unknown command.
You closely miss the orc priest.
The orc priest is moderately wounded.
You slash the orc!
You kill the orc!
You block the orc priest's attack.
The orc priest is struck by your spines.
The orc priest misses you.
An orc priest comes into view. It is wielding a club.
You barely miss the orc priest.
The orc priest is moderately wounded.
The orc priest mumbles some strange prayers to Beogh against you.
Beogh smites you!
You die...

..# #.# #.# # ..% . #o#
.# #.#..# ##.###.#
#.#..# #.o....# .#.#..#
#.@....# .....#
.#.###).)...### .#....#
.......)[......
.#....##########.#######
.#...........)...#
.#........######.#
.....####.# #.# .....#
#.######.#
.....####.....##.#


You could see 2 orc priests.

Vanquished Creatures
  Sigmund (D:3)
  An orc warrior (D:4)
  A phantom (D:3)
  2 orc priests (D:4)
  Jessica (D:2)
  3 gnolls (D:3)
  5 adders
  An ooze (D:2)
  A dart slug (D:1)
  2 leopard geckos (D:1)
  5 orcs
  2 ball pythons
  5 giant cockroaches
  6 hobgoblins
  3 jackals (D:1)
  8 bats
  4 frilled lizards
  10 goblins
  6 kobolds
  7 rats
74 creatures vanquished.

Notes
Turn   | Place    | Note
-------+----------+-------------------------------------------
     0 | D:1      | daodarkstar the Demonspawn Fighter began the quest for the Orb.
     0 | D:1      | Reached XP level 1. HP: 18/18 MP: 1/1
   175 | D:1      | Gained mutation: You are partially covered in large bone plates. (SH +4) [demonic ancestry]
   175 | D:1      | Reached XP level 2. HP: 22/24 MP: 2/2
   837 | D:1      | Reached skill level 1 in Dodging
   999 | D:2      | Gained mutation: You are mostly covered in large bone plates. (SH +6) [demonic ancestry]
   999 | D:2      | Reached XP level 3. HP: 24/29 MP: 3/3
  1038 | D:2      | Noticed Jessica
  1049 | D:2      | Killed Jessica
  1159 | D:2      | Gained mutation: You are partially covered in sharp spines. [demonic ancestry]
  1159 | D:2      | Reached XP level 4. HP: 18/35 MP: 4/4
  1617 | D:3      | Gained mutation: You are completely covered in large bone plates. (SH +8) [demonic ancestry]
  1617 | D:3      | Reached XP level 5. HP: 28/42 MP: 5/5
  1713 | D:3      | Found a shimmering altar of Xom.
  1713 | D:3      | Found a shimmering altar of Xom.
  1714 | D:3      | Found a shimmering altar of Xom.
  1715 | D:3      | Found a shimmering altar of Xom.
  1764 | D:3      | Noticed Sigmund
  1766 | D:3      | Found a hide-covered altar of Uskayaw.
  1773 | D:3      | Killed Sigmund
  1773 | D:3      | Reached XP level 6. HP: 34/48 MP: 6/6
  1909 | D:3      | Found an ancient bone altar of Kikubaaqudgha.
  2011 | D:3      | Found a shimmering altar of Xom.
  2272 | D:4      | Noticed an orc warrior
  2284 | D:4      | Killed an orc warrior
  2284 | D:4      | Reached XP level 7. HP: 25/55 MP: 7/7
  2288 | D:4      | Killed from afar by an orc priest

Skill      XL: |  1  2  3  4  5  6 |
---------------+-------------------+-----
Axes           | 2 3 |  3.8
Armour         | 3 4 |  4.4
Dodging        | 1 2 3 |  3.2
Fighting       | 4 |  4.8
Shields        | |  2.6

Action                   |  1- 3 |  4- 6 |  7- 9 || total
-------------------------+-------+-------+-------++-------
Melee: War axe           |    79 |    95 |     3 ||   177
  Use: Potion            |       |     1 |       ||     1
  Eat: Chunk             |     1 |     3 |       ||     4
Armor: Scale mail        |    38 |    20 |       ||    58
Dodge: Dodged            |    17 |    20 |     2 ||    39
Block: Shield            |    48 |    87 |     4 ||   139
